SL
PHOENIX HOTSPUR @ SEATTLE AVIATORS
08/02/2026
 
TOP OF THE 1ST
Phoenix Hotspur batting - Pitching for Seattle Aviators : RHP Chip Bishop
Pitching: RHP Chip Bishop
Batting: SHB Pedro Gómez 0-0: Ball
1-0: Foul Ball, location: 2F
1-1: Ball
2-1: Foul Ball, location: 2F
2-2: Foul Ball, location: 2F
2-2: Ball
3-2: Strikes out looking
Batting: LHB Shojiro Ueda 0-0: Ball
1-0: Fly out, F8 (Flyball, 8LS)
Batting: RHB Cale Sutton 0-0: Ball
1-0: Swinging Strike
1-1: Ground out U3 (Groundball, 34)
Top of the 1st over - 0 run(s), 0 hit(s), 0 error(s), 0 left on base; Phoenix 0 - Seattle 0
BOTTOM OF THE 1ST
Seattle Aviators batting - Pitching for Phoenix Hotspur : LHP Wes Hamm
Pitching: LHP Wes Hamm
Batting: RHB Ethan Stanford 0-0: Called Strike
0-1: Foul Ball, location: 2F
0-2: Ball
1-2: Strikes out swinging
Batting: RHB Sean Davis 0-0: Ball
1-0: Ball
2-0: Ball
3-0: Base on Balls
Batting: LHB Jorge Mojica 0-0: Foul Ball, location: 2F
0-1: Fielders Choice at 2nd, 4-6 (Groundball, 4MD)
Batting: LHB Kenny Webster 0-0: Foul Ball, location: 2F
0-1: Foul Ball, location: 2F
0-2: Ball
1-2: Ball
2-2: Strikes out looking
Bottom of the 1st over - 0 run(s), 0 hit(s), 0 error(s), 1 left on base; Phoenix 0 - Seattle 0
TOP OF THE 2ND
Phoenix Hotspur batting - Pitching for Seattle Aviators : RHP Chip Bishop
Batting: LHB Rafael Sánchez 0-0: Swinging Strike
0-1: Ball
1-1: Ball
2-1: Foul Ball, location: 2F
2-2: Foul Ball, location: 2F
2-2: Ball
3-2: Foul Ball, location: 2F
3-2: Strikes out swinging
Batting: RHB Gabriel Pérez 0-0: Called Strike
0-1: Ground out 5-3 (Groundball, 56)
Batting: RHB Randy Rehling 0-0: Ball
1-0: Ball
2-0: Ball
3-0: Base on Balls
Batting: RHB Ted Cook 0-0: Foul Ball, location: 2F
0-1: SINGLE (Flyball, 89S)
Randy Rehling to second
Batting: RHB Alfredo Martínez 0-0: Swinging Strike
0-1: Swinging Strike
0-2: Strikes out looking
Top of the 2nd over - 0 run(s), 1 hit(s), 0 error(s), 2 left on base; Phoenix 0 - Seattle 0
BOTTOM OF THE 2ND
Seattle Aviators batting - Pitching for Phoenix Hotspur : LHP Wes Hamm
Batting: RHB John MacGregor 0-0: Called Strike
0-1: SINGLE (Flyball, 6MD)
Batting: LHB Tim Hargrove 0-0: Called Strike
0-1: Ball
1-1: Fly out, F9 (Flyball, 9LM)
Batting: RHB Bobby Christopher 0-0: Called Strike
0-1: Hit by Pitch
John MacGregor to second
Batting: RHB Jay Parker 0-0: Ball
1-0: Foul Ball, location: 2F
1-1: Ball
2-1: Swinging Strike
2-2: Ball
3-2: Foul Ball, location: 2F
3-2: SINGLE (Groundball, 5) (infield hit)
John MacGregor to third
Bobby Christopher to second
Batting: RHB Tynan Hawkins 0-0: Single, Error in OF, E7, batter to second base
John MacGregor scores
Bobby Christopher scores
Jay Parker to third
Batting: RHB Ethan Stanford 0-0: Called Strike
0-1: Ball
1-1: Ball
2-1: Ball
3-1: Base on Balls
Batting: RHB Sean Davis 0-0: Called Strike
0-1: Ball
1-1: Ball
2-1: Foul Ball, location: 2F
2-2: Ball
3-2: Base on Balls
Jay Parker scores
Tynan Hawkins to third
Ethan Stanford to second
Batting: LHB Jorge Mojica 0-0: Ball
1-0: Fielders Choice at 2nd, 3-6 (Groundball, 34)
Tynan Hawkins scores
Ethan Stanford to third
Batting: LHB Kenny Webster 0-0: Swinging Strike
0-1: Ball
1-1: Ball
2-1: Swinging Strike
2-2: Strikes out swinging
Bottom of the 2nd over - 4 run(s), 3 hit(s), 1 error(s), 2 left on base; Phoenix 0 - Seattle 4
TOP OF THE 3RD
Phoenix Hotspur batting - Pitching for Seattle Aviators : RHP Chip Bishop
Batting: RHB Martín Martínez 0-0: Ball
1-0: Ball
2-0: Called Strike
2-1: Called Strike
2-2: Fly out, F3 (Popup, 3)
Batting: SHB Pedro Gómez 0-0: Ball
1-0: Called Strike
1-1: Foul Ball, location: 2F
1-2: Foul Ball, location: 2F
1-2: Foul Ball, location: 2F
1-2: Strikes out looking
Batting: LHB Shojiro Ueda 0-0: Fly out, F8 (Flyball, 8LS)
Top of the 3rd over - 0 run(s), 0 hit(s), 0 error(s), 0 left on base; Phoenix 0 - Seattle 4
BOTTOM OF THE 3RD
Seattle Aviators batting - Pitching for Phoenix Hotspur : LHP Wes Hamm
Batting: RHB John MacGregor 0-0: Swinging Strike
0-1: Swinging Strike
0-2: Strikes out swinging
Batting: LHB Tim Hargrove 0-0: Ball
1-0: Ball
2-0: SOLO HOME RUN (Flyball, 9LD), Distance : 316 ft
Batting: RHB Bobby Christopher 0-0: Called Strike
0-1: Ground out 3-1 (Groundball, 34S)
Batting: RHB Jay Parker 0-0: Fly out, F9 (Flyball, 9S)
Bottom of the 3rd over - 1 run(s), 1 hit(s), 0 error(s), 0 left on base; Phoenix 0 - Seattle 5
TOP OF THE 4TH
Phoenix Hotspur batting - Pitching for Seattle Aviators : RHP Chip Bishop
Batting: RHB Cale Sutton 0-0: Ball
1-0: Reached on error, E1 (Groundball, 13S)
Batting: LHB Rafael Sánchez 0-0: Ball
1-0: Called Strike
1-1: Foul Ball, location: 2F
1-2: Foul Ball, location: 2F
1-2: SINGLE (Groundball, 34D)
Cale Sutton to second
Runner from 2nd tries for 3rd, SAFE, throw made to third
Batting: RHB Gabriel Pérez 0-0: Foul Ball, location: 2F
0-1: Ball
1-1: Ball
2-1: Ball
3-1: SINGLE (Line Drive, 7S)
Cale Sutton scores
Rafael Sánchez to second
Batting: RHB Randy Rehling 0-0: Ball
1-0: Ball
2-0: Foul Ball, location: 2F
2-1: Ball
3-1: Grounds into double play, 6-4-3 (Groundball, 6)
Rafael Sánchez to third
Batting: RHB Ted Cook 0-0: Fly out, F5 (Line Drive, 5S)
Top of the 4th over - 1 run(s), 2 hit(s), 1 error(s), 1 left on base; Phoenix 1 - Seattle 5
BOTTOM OF THE 4TH
Seattle Aviators batting - Pitching for Phoenix Hotspur : LHP Wes Hamm
Batting: RHB Tynan Hawkins 0-0: Ground out 5-3 (Groundball, 5L)
Batting: RHB Ethan Stanford 0-0: Ball
1-0: Swinging Strike
1-1: Ball
2-1: Called Strike
2-2: Ground out 6-3 (Groundball, 6)
Batting: RHB Sean Davis 0-0: Ball
1-0: Foul Ball, location: 2F
1-1: Swinging Strike
1-2: Strikes out looking
Bottom of the 4th over - 0 run(s), 0 hit(s), 0 error(s), 0 left on base; Phoenix 1 - Seattle 5
TOP OF THE 5TH
Phoenix Hotspur batting - Pitching for Seattle Aviators : RHP Chip Bishop
Batting: RHB Alfredo Martínez 0-0: Ball
1-0: Ground out 5-3 (Groundball, 56)
Batting: RHB Martín Martínez 0-0: Ball
1-0: SINGLE (Groundball, 56D)
Batting: SHB Pedro Gómez 0-0: Swinging Strike
0-1: Called Strike
0-2: Strikes out swinging
Batting: LHB Shojiro Ueda 0-0: Ball
1-0: Foul Ball, location: 2F
1-1: Fly out, F8 (Flyball, 8LS)
Top of the 5th over - 0 run(s), 1 hit(s), 0 error(s), 1 left on base; Phoenix 1 - Seattle 5
BOTTOM OF THE 5TH
Seattle Aviators batting - Pitching for Phoenix Hotspur : LHP Wes Hamm
Batting: LHB Jorge Mojica 0-0: Called Strike
0-1: Ball
1-1: Ground out U3 (Groundball, 3S)
Batting: LHB Kenny Webster 0-0: Ball
1-0: Foul Ball, location: 2F
1-1: Swinging Strike
1-2: Strikes out looking
Batting: RHB John MacGregor 0-0: Ball
1-0: Swinging Strike
1-1: Called Strike
1-2: Ball
2-2: Foul Ball, location: 2F
2-2: Strikes out swinging
Bottom of the 5th over - 0 run(s), 0 hit(s), 0 error(s), 0 left on base; Phoenix 1 - Seattle 5
TOP OF THE 6TH
Phoenix Hotspur batting - Pitching for Seattle Aviators : RHP Chip Bishop
Batting: RHB Cale Sutton 0-0: Foul Ball, location: 2F
0-1: Foul Ball, location: 2F
0-2: Ground out 6-3 (Groundball, 6)
Batting: LHB Rafael Sánchez 0-0: SINGLE (Line Drive, 4MD)
Batting: RHB Gabriel Pérez 0-0: Ball
1-0: Fly out, F8 (Flyball, 8LD)
Batting: RHB Randy Rehling 0-0: Ball
1-0: Fly out, F8 (Flyball, 8LD)
Top of the 6th over - 0 run(s), 1 hit(s), 0 error(s), 1 left on base; Phoenix 1 - Seattle 5
BOTTOM OF THE 6TH
Seattle Aviators batting - Pitching for Phoenix Hotspur : LHP Wes Hamm
Batting: LHB Tim Hargrove 0-0: Ground out U3 (Groundball, 34)
Batting: RHB Bobby Christopher 0-0: Ball
1-0: Ball
2-0: SINGLE (Groundball, 56D)
Batting: RHB Jay Parker 0-0: Called Strike
0-1: Ball
1-1: SINGLE (Groundball, 56S) (infield hit)
Bobby Christopher to second
Batting: RHB Tynan Hawkins 0-0: Ball
1-0: Ball
2-0: Called Strike
2-1: Swinging Strike
2-2: Ball
3-2: Strikes out looking
Batting: RHB Ethan Stanford 0-0: Called Strike
0-1: Ball
1-1: Foul Ball, location: 2F
1-2: Ground out 5-3 (Groundball, 56S)
Bottom of the 6th over - 0 run(s), 2 hit(s), 0 error(s), 2 left on base; Phoenix 1 - Seattle 5
TOP OF THE 7TH
Phoenix Hotspur batting - Pitching for Seattle Aviators : RHP Chip Bishop
Batting: RHB Ted Cook 0-0: Called Strike
0-1: Ball
1-1: Foul Ball, location: 2F
1-2: Strikes out looking
Batting: RHB Alfredo Martínez 0-0: Ball
1-0: Called Strike
1-1: Ball
2-1: Ball
3-1: SINGLE (Line Drive, 6M)
Batting: RHB Martín Martínez 0-0: Swinging Strike
0-1: Foul Ball, location: 2F
0-2: Ball
1-2: Ball
2-2: Strikes out swinging
Batting: SHB Pedro Gómez 0-0: Ball
1-0: Ball
2-0: Swinging Strike
2-1: Swinging Strike
2-2: Strikes out swinging
Top of the 7th over - 0 run(s), 1 hit(s), 0 error(s), 1 left on base; Phoenix 1 - Seattle 5
BOTTOM OF THE 7TH
Seattle Aviators batting - Pitching for Phoenix Hotspur : LHP Wes Hamm
Batting: RHB Sean Davis 0-0: Called Strike
0-1: Ball
1-1: Foul Ball, location: 2F
1-2: Ball
2-2: Foul Ball, location: 2F
2-2: Strikes out swinging
Batting: LHB Jorge Mojica 0-0: Called Strike
0-1: Ball
1-1: Ball
2-1: Ball
3-1: SINGLE (Line Drive, 3S)
Batting: LHB Kenny Webster 0-0: Ball
1-0: Swinging Strike
1-1: Swinging Strike
1-2: Strikes out looking
Batting: RHB John MacGregor 0-0: Fielders Choice at 2nd, 6-4 (Groundball, 6)
Bottom of the 7th over - 0 run(s), 1 hit(s), 0 error(s), 0 left on base; Phoenix 1 - Seattle 5
TOP OF THE 8TH
Phoenix Hotspur batting - Pitching for Seattle Aviators : RHP Chip Bishop
Batting: LHB Shojiro Ueda 0-0: Fly out, F6 (Flyball, 56D)
Batting: RHB Cale Sutton 0-0: Fly out, F9 (Flyball, 9LS)
Batting: LHB Rafael Sánchez 0-0: Called Strike
0-1: Ball
1-1: Ground out 6-3 (Groundball, 56)
Top of the 8th over - 0 run(s), 0 hit(s), 0 error(s), 0 left on base; Phoenix 1 - Seattle 5
BOTTOM OF THE 8TH
Seattle Aviators batting - Pitching for Phoenix Hotspur : LHP Wes Hamm
Batting: LHB Tim Hargrove 0-0: Fly out, F9 (Line Drive, 89D)
Batting: RHB Bobby Christopher 0-0: Foul Ball, location: 2F
0-1: Ball
1-1: SINGLE (Groundball, 4MD)
Pitching: RHP Rewa Malaki
Batting: RHB Jay Parker 0-0: Called Strike
0-1: Ball
1-1: Grounds into double play, 6-4-3 (Groundball, 6)
Bottom of the 8th over - 0 run(s), 1 hit(s), 0 error(s), 0 left on base; Phoenix 1 - Seattle 5
TOP OF THE 9TH
Phoenix Hotspur batting - Pitching for Seattle Aviators : RHP Chip Bishop
Batting: RHB Gabriel Pérez 0-0: Ball
1-0: Fly out, F8 (Flyball, 78XD)
Batting: RHB Randy Rehling 0-0: Ball
1-0: Fly out, F5 (Line Drive, 56S)
Batting: RHB Ted Cook 0-0: Called Strike
0-1: Ball
1-1: Fly out, F8 (Line Drive, 8RD)
Top of the 9th over - 0 run(s), 0 hit(s), 0 error(s), 0 left on base; Phoenix 1 - Seattle 5
Monday, March 20th, 2017 - OOTP Baseball 17.12 Build 75